 Dungeon Crawl Stone Soup version 0.24.0-123-gd5b16e6ec5 (webtiles) character file.

Game seed: 15985467841911640322, levelgen mode: deterministic

261 Delamore the Chopper (level 6, 0/47 HPs)
             Began as a Formicid Fighter on Jan 7, 2020.
             Killed by nerve-wracking pain
             ... invoked by Grinder
              (1 damage)
             ... on level 3 of the Dungeon.
             The game lasted 00:01:50 (1884 turns).

Delamore the Chopper (Formicid Fighter)             Turns: 1884, Time: 00:01:51

Health: 0/47       AC:  6    Str: 23    XL:     6   Next: 41%
Magic:  6/6        EV: 10    Int:  7    God:
Gold:   111        SH:  4    Dex: 10    Spells: 5/5 levels left

rFire    . . .     SeeInvis +   v - +0 hand axe
rCold    . . .     Gourm    .   n - +0 buckler
rNeg     . . .     Faith    .   j - +0 ring mail (curse)
rPois    .         Spirit   .   (helmet unavailable)
rElec    .         Reflect  .   (no cloak)
rCorr    .         Harm     .   o - +0 pair of gloves
MR       .....                  (no boots)
Stlth    ..........             (no amulet)
HPRegen  0.15/turn              (no ring)
MPRegen  0.10/turn              (no ring)

@: flying
A: permanent stasis, dig shafts and tunnels, four strong arms, antennae 3
a: Dig, Shaft Self


You were on level 3 of the Dungeon.
You were not hungry.

You visited 1 branch of the dungeon, and saw 3 of its levels.

You collected 111 gold pieces.

Inventory:

Hand Weapons
 a - a +0 war axe
 v - a +0 hand axe (weapon)
Armour
 c - a +0 shield
 i - a +0 large shield
 j - a cursed +0 ring mail (worn)
 n - a +0 buckler (worn)
 o - a +0 pair of gloves (worn)
Wands
 u - a wand of iceblast (9)
Scrolls
 e - 3 scrolls of magic mapping {unknown}
 g - a scroll of teleportation {unknown}
 h - 2 scrolls of blinking {unknown}
 l - a scroll of immolation {unknown}
 q - 3 scrolls of identify {unknown}
 t - a scroll of enchant weapon {unknown}
 w - a scroll of remove curse {unknown}
Potions
 b - 2 potions of flight
 d - a potion of might
 k - a potion of cancellation {unknown}
 m - a potion of lignification {unknown}
 p - a potion of curing
 r - a potion of heal wounds {unknown}
Comestibles
 f - 4 rations
 s - 3 chunks of flesh


   Skills:
 - Level 3.2 Fighting
 + Level 6.3 Axes
 - Level 3.2 Armour
 - Level 3.6 Shields


You had 5 spell levels left.
You didn't know any spells.
Your spell library was empty.

Dungeon Overview and Level Annotations

Branches:
Dungeon (3/15)

Altars:
Gozag

Annotations:
D:3 Grinder


Innate Abilities, Weirdness & Mutations

You cannot be hasted, slowed, berserked, paralysed or teleported.
You can dig through walls and to a lower floor.
Your four strong arms can wield two-handed weapons with a shield.
You have a pair of large antennae on your head. (SInv)


Message History

Grinder gestures at you.
Your stasis prevents you from being paralysed.
You hit Grinder but do no damage.
Grinder is severely wounded.
Grinder hits you but does no damage.
You closely miss Grinder.
Grinder is severely wounded.
Grinder says, "Wait up."
Grinder hits you.
* * * LOW HITPOINT WARNING * * *
You writhe in agony.
* * * LOW HITPOINT WARNING * * *
It was a potion of flight.
You feel very buoyant.
You fly up into the air.
Grinder barely misses you.
You barely miss Grinder.
Grinder is severely wounded.
Grinder gestures at you. Pain shoots through your body!
You die...

### ### ##.####
########.######......
#..................#.
#.#......#####.....#.
###.#.@5#.## #.....#.
#.......#.# #.....#.
#.#.###.#.# ##....#.
# #..†.)(.# #......
#....##)### ####.##
#.##.##.# #.# #.
...... #.# # ##.###..
#.# #.# ... ##.#


You could see Grinder.

Vanquished Creatures
  Sigmund (D:2)
  Ijyb (D:3)
  2 adders
  3 dart slugs
  2 leopard geckos (D:2)
  An orc (D:3)
  A ball python (D:2)
  2 giant cockroaches
  8 goblins
  3 hobgoblins
  9 jackals
  8 bats
  5 kobolds
  9 rats
55 creatures vanquished.

Notes
Turn   | Place    | Note
-------+----------+-------------------------------------------
     0 | D:1      | Delamore the Formicid Fighter began the quest for the Orb.
     0 | D:1      | Reached XP level 1. HP: 18/18 MP: 1/1
   208 | D:1      | Reached XP level 2. HP: 22/24 MP: 2/2
   227 | D:1      | Reached skill level 3 in Axes
   376 | D:1      | Reached XP level 3. HP: 22/29 MP: 3/3
   708 | D:2      | Found an opulent altar of Gozag.
   786 | D:2      | Reached skill level 4 in Axes
   786 | D:2      | Reached XP level 4. HP: 19/35 MP: 4/4
  1425 | D:2      | Noticed Sigmund
  1437 | D:2      | Killed Sigmund
  1437 | D:2      | Reached skill level 6 in Axes
  1437 | D:2      | Reached XP level 5. HP: 12/41 MP: 5/5
  1437 | D:2      | Reached XP level 6. HP: 14/47 MP: 6/6
  1759 | D:3      | Noticed Ijyb
  1768 | D:3      | Killed Ijyb
  1848 | D:3      | Noticed Grinder
  1882 | D:3      | HP: 1/47 [Grinder (5)]
  1884 | D:3      | Killed from afar by Grinder

Levels and vault maps discovered:
D:1:      dpeg_arrival_solitude, layout_rooms
D:2:      layout_loops_ring, grunt_gozag_statues, uniq_sigmund
D:3:      layout_loops_cross, yredelemnul_forgotten_temple_becter,
          fiery_altar_vehumet, chequers_ecumenical_altar_simple_redux,
          uniq_grinder, uniq_jessica, uniq_ijyb

Skill      XL: |  1  2  3  4 |
---------------+-------------+-----
Axes           | 3 4 6 |  6.3
Fighting       | |  3.2
Armour         | |  3.2
Shields        | |  3.6

Action                   |  1- 3 |  4- 6 || total
-------------------------+-------+-------++-------
Melee: War axe           |    88 |    53 ||   141
       Hand axe          |       |    25 ||    25
  Use: Potion            |       |     1 ||     1
  Eat: Chunk             |       |     3 ||     3
Armor: Scale mail        |    20 |       ||    20
       Ring mail         |    23 |    20 ||    43
Dodge: Dodged            |    44 |    32 ||    76
Block: Shield            |    25 |       ||    25
       Buckler           |     8 |    19 ||    27
